 Dungeon Crawl Stone Soup version 0.23.2-1-ga50397a (webtiles) character file.

Game seed: 11810624184337629354

148 kae the Changer (level 5, -1/40 HPs)
             Began as a Draconian Transmuter on May 27, 2019.
             Slain by a hound (3 damage)
             ... on level 3 of the Dungeon.
             The game lasted 00:03:12 (3781 turns).

kae the Changer (Draconian Transmuter)              Turns: 3781, Time: 00:03:13

Health: -1/40      AC:  2    Str: 12    XL:     5   Next: 8%
Magic:  3/9        EV: 19    Int: 13    God:
Gold:   226        SH:  0    Dex: 18    Spells: 4/10 levels left

rFire    . . .     SeeInvis .     - Unarmed
rCold    . . .     Gourm    .   (shield currently unavailable)
rNeg     . . .     Faith    .   (armour unavailable)
rPois    x         Spirit   .   (helmet currently unavailable)
rElec    .         Reflect  .   (cloak currently unavailable)
rCorr    .         Harm     .   (gloves currently unavailable)
MR       .....                  (boots currently unavailable)
Stlth    ++........             (no amulet)
HPRegen  0.13/turn              (no ring)
MPRegen  0.11/turn              (no ring)

@: spider-form, very slightly contaminated
A: tiny, unfitting armour, AC +5
a: End Transformation


You were on level 3 of the Dungeon.
You were not hungry.
You were a venomous arachnid creature.
You visited 1 branch of the dungeon, and saw 4 of its levels.

You collected 226 gold pieces.

Inventory:

Missiles
 a - 30 arrows
Jewellery
 d - an uncursed amulet of faith
Scrolls
 b - 2 scrolls of enchant weapon
 h - 3 scrolls of identify
 j - 2 scrolls of teleportation
 m - a scroll of blinking {unknown}
Potions
 e - a potion of curing
 f - a potion of agility
 g - a potion of heal wounds {unknown}
 i - a potion of lignification {unknown}
 k - 2 potions of might {unknown}
 l - a potion of cancellation {unknown}
Comestibles
 c - 9 rations


   Skills:
 - Level 1.1 Fighting
 - Level 1.7 Dodging
 - Level 3.0 Unarmed Combat
 + Level 3.2 Spellcasting
 * Level 4.5 Transmutations


You had 4 spell levels left.
You knew the following spells:

 Your Spells              Type           Power        Failure   Level  Hunger
a - Beastly Appendage     Tmut           ##....       12%         1    #......
b - Sticks to Snakes      Tmut           ##......     16%         2    ##.....
c - Spider Form           Tmut/Pois      #.........   47%         3    ###....

Your spell library contained the following spells:

 Spells                   Type           Power        Failure   Level  Hunger
 Animate Skeleton         Necr           N/A          43%         1    #......
 Apportation              Tloc           #.....       43%         1    #......
 Confusing Touch          Hex            #.....       43%         1    #......
 Summon Small Mammal      Summ           #...         43%         1    #......
 Ice Form                 Ice/Tmut       #.......     83%         4    #####..
 Blade Hands              Tmut           ##........   85%         5    ######.


Dungeon Overview and Level Annotations

Branches:
Dungeon (4/15)
 Temple: D:4-7

Altars:
Hepliaklqana
The Shining One


Innate Abilities, Weirdness & Mutations

((Your plain brown scales are hard. (AC +5)))
You cannot fit into any form of body armour.
((You are cold-blooded and may be slowed by cold attacks.))


Message History

The hound closely misses you. The hound bites you.
* * * LOW HITPOINT WARNING * * *
You hit the hound.
The hound is poisoned.
The hound is lightly wounded.
The hound misses you.
You barely miss the hound.
The hound is lightly wounded.
The hound bites you.
* * * LOW HITPOINT WARNING * * *
You barely miss the hound.
The hound is moderately wounded.
The hound closely misses you. The hound bites you.
* * * LOW HITPOINT WARNING * * *
You hit the hound.
The hound is moderately wounded.
The hound misses you.
You hit the hound.
The hound looks as sick as possible!
The hound is severely wounded.
The hound bites you.
You die...

#...#.##
#########..#.#.
#..........#)#.
#......)...#.#.
#........#.#(..
#........#.####
#........#.....
####........#.####
#sh...........#...
#.............#.#.
#.##........#.#.#.
#.............#.#.
#.............#.##
##...#####....#...
#...# ####.#.##
#...########.#.#.
#............#.#.


You could see a hound.

Vanquished Creatures
  An iguana (D:3)
  Natasha (D:3)
  A worker ant (D:2)
  2 adder skeletons (D:4)
  A worm (D:3)
  3 dart slugs (D:1)
  An orc (D:2)
  7 bats
  A giant cockroach (D:4)
  7 goblins
  7 hobgoblins
  7 kobolds
  3 quokkas (D:3)
  2 ball pythons
  7 frilled lizards
  7 rats
58 creatures vanquished.

Vanquished Creatures (collateral kills)
  A worm (D:2)
1 creature vanquished.

Grand Total: 59 creatures vanquished

Notes
Turn   | Place    | Note
-------+----------+-------------------------------------------
     0 | D:1      | kae the Draconian Transmuter began the quest for the Orb.
     0 | D:1      | Reached XP level 1. HP: 16/16 MP: 3/3
    41 | D:1      | Reached XP level 2. HP: 12/23 MP: 3/5
   938 | D:1      | Reached skill level 3 in Transmutations
  1378 | D:2      | Reached XP level 3. HP: 28/28 MP: 4/6
  1726 | D:2      | Learned a level 2 spell: Sticks to Snakes
  1767 | D:2      | Found a glowing golden altar of the Shining One.
  1767 | D:2      | Found a hazy altar of Hepliaklqana.
  2314 | D:2      | Reached XP level 4. HP: 21/35 MP: 3/8
  2668 | D:2      | Learned a level 3 spell: Spider Form
  2748 | D:3      | Reached skill level 4 in Transmutations
  3024 | D:3      | Noticed Natasha
  3032 | D:3      | Killed Natasha
  3497 | D:3      | Reached XP level 5. HP: 38/40 MP: 5/9
  3779 | D:3      | HP: 2/40 [hound (2)]
  3781 | D:3      | Slain by a hound

Skill      XL: |  1  2  3  4 |
---------------+-------------+-----
Transmutations | 3 4 |  4.5
Spellcasting   | 3 |  3.2
Fighting       | |  1.1
Dodging        | |  1.7
Unarmed Combat | |  3.0

Action                   |  1- 3 |  4- 6 || total
-------------------------+-------+-------++-------
Melee: Unarmed           |   144 |    85 ||   229
       Tailslap          |    16 |     7 ||    23
       Headbutt          |     8 |     3 ||    11
       Punch             |     4 |       ||     4
       Kick              |     1 |     5 ||     6
 Cast: Beastly Appendage |    21 |     7 ||    28
       Sticks to Snakes  |     2 |     1 ||     3
       Spider Form       |       |     4 ||     4
  Use: Scroll            |     2 |     2 ||     4
       Potion            |     1 |       ||     1
  Eat: Chunk             |     4 |     6 ||    10
Armor: Skin              |    33 |    16 ||    49
Dodge: Dodged            |    99 |    50 ||   149
